 Dungeon Crawl Stone Soup version 0.31.0-9-g3a7656b989 (webtiles) character file.

Game seed: 5196151135614817691

111 GreatBamboolord the Chiller (level 4, -2/35 HPs)
             Began as a Draconian Ice Elementalist on Jan 27, 2024.
             Slain by Grinder (6 damage)
             ... on level 3 of the Dungeon.
             The game lasted 00:04:20 (2536 turns).

GreatBamboolord the Chiller (DrIE)                  Turns: 2536, Time: 00:04:22

Health: -2/35      AC:  9    Str: 11    XL:     4   Next: 62%
Magic:  0/8        EV: 12    Int: 17    God:
Gold:   132        SH:  0    Dex: 11    Spells: 5/9 levels left

rFire   . . .        g - +0 short sword
rCold   . . .        (no shield)
rNeg    . . .        (body armour unavailable)
rPois   .            (helmet restricted)
rElec   .            (no cloak)
rCorr   .            k - +0 pair of gloves
SInv    .            b - +2 pair of boots
Will    .....        (no amulet)
Stlth   ++           (no ring)
HPRegen 0.25/turn    (no ring)
MPRegen 0.11/turn

%: no passive effects
@: freezing walls
A: AC +5, unfitting armour, cold-blooded
a: no special abilities


You were on level 3 of the Dungeon.
You visited 1 branch of the dungeon, and saw 3 of its levels.

You collected 132 gold pieces.

Inventory:

Hand Weapons
 g - a +0 short sword (weapon)
Armour
 b - a +2 pair of boots (worn)
 k - a +0 pair of gloves (worn)
Talismans
 n - a maw talisman
Scrolls
 c - a scroll of fear {unknown}
 f - a scroll of vulnerability {unknown}
 i - a scroll of blinking {unknown}
 o - a scroll of identify {unknown}
Potions
 a - a potion of magic
 d - a potion of haste {unknown}
 e - a potion of degeneration {unknown}
 h - a potion of invisibility {unknown}
 j - a potion of might {unknown}
 l - a potion of heal wounds {unknown}
 m - 2 potions of curing {unknown}


   Skills:
 + Level 1.5 Fighting
 + Level 2.2 Dodging
 + Level 2.3 Stealth
 * Level 3.0 Spellcasting
 * Level 4.7 Ice Magic


You had 5 spell levels left.
You knew the following spells:

 Your Spells              Type           Power      Damage    Failure   Level
a - Freeze                Ice            72%        1d8       2%          1
b - Frozen Ramparts       Ice            36%        1d6       8%          3

Your spell library contained the following spells:

 Spells                   Type           Power      Damage    Failure   Level
 Ozocubu's Armour         Ice            18%        N/A       8%          3
 Shock                    Conj/Air       8%         1d3       17%         1
 Summon Ice Beast         Ice/Summ       10%        N/A       21%         3
 Swiftness                Air            2%         N/A       45%         3
 Airstrike                Air            1%         2d(1-17)  86%         4


Dungeon Overview and Level Annotations

Branches:
Dungeon (3/15)

Altars:

Annotations:
D:3 Grinder


Innate Abilities, Weirdness & Mutations

Your plain brown scales are hard. (AC +5)
You cannot fit into any form of body armour.
You are cold-blooded and may be slowed by cold attacks.


Message History

Confirm with . or Enter, or press ? or * to list all spells.
Casting: Frozen Ramparts (dangerous; 8% risk of failure)
Press: ? - help, Dir - look around, f - activate The walls around you are covered in ice.
Grinder completely resists.
The wall freezes Grinder but does no damage.
Grinder closely misses you.
Unknown command.
You hit Grinder.
Grinder is moderately wounded.
The wall freezes Grinder but does no damage.
Grinder hits you.
You writhe in agony.
You hit Grinder.
Grinder is moderately wounded.
Grinder completely resists.
The wall freezes Grinder but does no damage.
Grinder hits you!
You writhe in agony.
You closely miss Grinder.
Grinder is moderately wounded.
The wall freezes Grinder but does no damage.
Grinder hits you.
You writhe in agony.
* * * LOW HITPOINT WARNING * * *
You closely miss Grinder.
Your tail-slap misses Grinder.
Grinder is moderately wounded.
The wall freezes Grinder but does no damage.
Grinder misses you.
You barely miss Grinder.
Grinder is moderately wounded.
Grinder completely resists.
The wall freezes Grinder but does no damage.
Grinder hits you but does no damage.
You barely miss Grinder.
Your tail-slap misses Grinder.
Grinder is moderately wounded.
Grinder completely resists.
The wall freezes Grinder but does no damage.
Grinder hits you.
* * * LOW HITPOINT WARNING * * *
You writhe in agony.
You die...
Grinder says, "Now the real fun starts!"

#(# #......########.#
#$?....+.......<# .
#$.....######.###.# ..
#..?.... #......#
..##.....#. ###..######
.....#.#.##..........
#.###.#.#.#.......######
#.....5@..##...#.#######
#........>.†...#........
#.....<...##...#########
#.........##...#
#.........##########
#.........# .......
#.........###.......
......)..)).........
#####...####........


You could see Grinder.

Vanquished Creatures
  4 gnolls
  3 adders
  An orc (D:3)
  An endoplasm (D:2)
  4 giant cockroaches
  6 goblins
  2 hobgoblins
  6 jackals
  2 quokkas
  2 ball pythons
  3 bats
  3 frilled lizards
  4 kobolds
  4 rats (D:1)
45 creatures vanquished.

Notes
Turn   | Place    | Note
-------+----------+-------------------------------------------
     0 | D:1      | GreatBamboolord the Draconian Ice Elementalist began the
                  | quest for the Orb.
     0 | D:1      | Reached XP level 1. HP: 14/14 MP: 3/3
   474 | D:1      | Reached XP level 2. HP: 22/22 MP: 0/5
   686 | D:1      | Reached skill level 1 in Fighting
   743 | D:1      | Reached XP level 3. HP: 28/28 MP: 0/6
   752 | D:1      | Learned a level 3 spell: Frozen Ramparts
  1538 | D:2      | Found a faded altar of an unknown god.
  2156 | D:2      | Reached XP level 4. HP: 34/35 MP: 6/8
  2425 | D:3      | Noticed Grinder
  2509 | D:3      | Paralysed by Grinder for 3 turns
  2524 | D:3      | Paralysed by Grinder for 2 turns
  2536 | D:3      | Slain by Grinder

Illustrated notes

Levels and vault maps discovered:
D:1:      wander_arrival_abandoned_jail, layout_basic, chequers_big_river
D:2:      layout_loops_corners, shapermc_ecumenical_altar_mp_ritualfount
D:3:      layout_basic, elyvilon_altar_4, general_overflow_altar,
          mainiacjoe_overflow_alcove_4, uniq_jessica, uniq_grinder, uniq_terence

Skill      XL: |  1  2  3  4 |
---------------+-------------+-----
Dodging        | 2 |  2.2
Stealth        | 2 |  2.3
Fighting       | 1 |  1.5
Spellcasting   | 3 |  3.0
Ice Magic      | |  4.7

Action                     |  1- 3 |  4- 6 || total
---------------------------+-------+-------++-------
  Melee: Short sword       |    11 |    26 ||    37
         Tailslap          |     2 |     2 ||     4
         Punch             |       |     1 ||     1
   Cast: Freeze            |    59 |     8 ||    67
         Frozen Ramparts   |       |     3 ||     3
 Armour: Skin              |    42 |    13 ||    55
  Dodge: Dodged            |    38 |    17 ||    55
